 Dungeon Crawl Stone Soup version 0.31-a0-844-gdc52ec4e09 (webtiles) character file.

Game seed: 5610660975475706558

354 randomguy2701 the Arsonist (level 6, 0/66 HPs)
             Began as a Gnoll Wanderer on Sept 30, 2023.
             Slain by a gnoll
             ... wielding a +0 flail
              (2 damage)
             ... on level 3 of the Dungeon.
             The game lasted 00:04:17 (2869 turns).

randomguy2701 the Arsonist (Gnoll Wanderer)         Turns: 2869, Time: 00:04:18

Health: 0/66       AC: 23    Str:  9    XL:     6   Next: 62%
Magic:  4/11       EV:  2    Int: 14    God:
Gold:   116        SH:  0    Dex: 13    Spells: 11/12 levels left

rFire   . . .        a - +0 dagger
rCold   . . .        (no shield)
rNeg    . . .        c - melded +0 robe
rPois   +            (helmet currently unavailable)
rElec   .            (cloak currently unavailable)
rCorr   .            (gloves currently unavailable)
SInv    .            (boots currently unavailable)
Will    .....        (no amulet)
Stlth   +            i - +5 ring of evasion
HPRegen 0.31/turn    (no ring)
MPRegen 0.12/turn

%: no passive effects
@: confused, mighty, brilliant, tree-form, attractive
A: stationary, stasis, torment immunity, boosted hp, (fangs 1), strong nose,
distributed training
a: no special abilities


You were on level 3 of the Dungeon.
You were a tree.
You visited 1 branch of the dungeon, and saw 3 of its levels.

You collected 116 gold pieces.

Inventory:

Hand Weapons
 a - a +0 dagger (weapon)
Armour
 c - a +0 robe (melded)
Jewellery
 i - a +5 ring of evasion (left branch)
 o - a ring of protection from fire
Wands
 d - a wand of flame (5)
Scrolls
 f - 4 scrolls of noise {unknown}
 g - 3 scrolls of silence {unknown}
 h - a scroll of fog {unknown}
 j - 3 scrolls of identify {unknown}
 k - a scroll of revelation {unknown}
Potions
 b - a potion of berserk rage


   Skills:
 + Level 2.1 Fighting
 + Level 2.1 Short Blades
 + Level 2.1 Long Blades
 + Level 2.1 Axes
 + Level 2.1 Maces & Flails
 + Level 2.1 Polearms
 + Level 2.1 Staves
 + Level 2.1 Ranged Weapons
 + Level 2.1 Throwing
 + Level 3.3 Armour
 + Level 2.1 Dodging
 + Level 2.1 Stealth
 + Level 2.1 Shields
 + Level 2.1 Unarmed Combat
 + Level 3.5 Spellcasting
 + Level 1.6 Conjurations
 + Level 1.6 Hexes
 + Level 1.6 Summonings
 + Level 2.7 Necromancy
 + Level 1.6 Translocations
 + Level 1.6 Transmutations
 + Level 8.9 Fire Magic
 + Level 1.6 Ice Magic
 + Level 1.6 Air Magic
 + Level 1.6 Earth Magic
 + Level 1.6 Poison Magic
 + Level 2.3 Invocations
 + Level 5.0 Evocations
 + Level 1.9 Shapeshifting


You had 11 spell levels left.
You knew the following spells:

 Your Spells              Type           Power      Damage    Failure   Level
a - Foxfire               Conj/Fire      100%       2x1d9     2%          1

Your spell library contained the following spells:

 Spells                   Type           Power      Damage    Failure   Level
 Volatile Blastmotes      Fire/Tloc      52%        2d14      7%          3
 Kiss of Death            Conj/Necr      48%        2d9       9%          1
 Sting                    Tmut/Pois      40%        1d5       11%         1
 Poisonous Vapours        Pois/Air       20%        N/A       16%         2
 Vampiric Draining        Necr           15%        2d7       21%         3
 Sticky Flame             Conj/Fire      26%        2d5       22%         4
 Olgreb's Toxic Radiance  Pois           10%        N/A       71%         4


Dungeon Overview and Level Annotations

Branches:
Dungeon (3/15)

Altars:


Innate Abilities, Weirdness & Mutations

You are a tree.
Your roots penetrate the ground, keeping you stationary.
You cannot be teleported.
You are immune to unholy pain and torment.
Your maximum health is greatly increased.
Your equipment is partially melded.
((You have very sharp teeth.))
Your uncanny sense of smell can sniff out nearby items.
Your experience applies equally to all skills.


Message History

You are confused.
It was a potion of brilliance.
You feel clever all of a sudden.
Okay, then.
You're too confused to cast spells.
Sorry, you're not good enough to have a special ability.
It was a potion of lignification.
You turn into a tree.
Your +0 robe melds into your body.
Your roots penetrate the ground.
The orc wizard gestures wildly while chanting.
The orc wizard flickers and vanishes!
It was a potion of attraction.
You feel attractive to monsters.
You hear some strange, mumbled words.
Something tries to affect you, but you resist.
Something is attracted toward you.
It was a potion of might.
You feel very mighty all of a sudden. Something hits you but does no damage.
The gnoll is attracted toward you.
You cannot move. (Use ctrl+direction or * direction to attack while stationary and confused.)
You cannot move. (Use ctrl+direction or * direction to attack while stationary and confused.)
You cannot move. (Use ctrl+direction or * direction to attack while stationary and confused.)
You cannot move. (Use ctrl+direction or * direction to attack while stationary and confused.)
You cannot move. (Use ctrl+direction or * direction to attack while stationary and confused.)
You cannot move. (Use ctrl+direction or * direction to attack while stationary and confused.)
You cannot move. (Use ctrl+direction or * direction to attack while stationary and confused.)
You cannot move. (Use ctrl+direction or * direction to attack while stationary and confused.)
You cannot move. (Use ctrl+direction or * direction to attack while stationary and confused.)
You cannot move. (Use ctrl+direction or * direction to attack while stationary and confused.)
You cannot move. (Use ctrl+direction or * direction to attack while stationary and confused.)
You swing at nothing.
You hear some strange, mumbled words.
You are more confused.
The gnoll is attracted toward you. x2
You nearly hit yourself!
The gnoll hits you with a +0 flail!
* * * LOW HITPOINT WARNING * * *
Something hits you but does no damage. The gnoll is attracted toward you.
You hit the gnoll.
The gnoll is almost dead.
The gnoll hits you with a +0 flail.
You die...

#........)........)'..vg..
#.#...#g##.....g..)###.g..
#.##g##.###g......## #.#..
#.....#g# ##.....## #....
#.###.#.# ##$..## ####.
#.###.#§# ##'## #.
#.#....g######.##########.
#......g{.................
###.._..g♣.###.###########
#......#.##...##
#.[....#.#.....#
##.#####.##...##
#.......###.## #########
###


You could see 3 gnolls.

Vanquished Creatures
  Sigmund (D:2)
  A scorpion (D:3)
  An orc priest (D:3)
  An orc wizard (D:3)
  2 adders
  A gnoll (D:3)
  A worm (D:2)
  2 dart slugs (D:1)
  3 orcs (D:3)
  3 endoplasms
  2 giant cockroaches
  5 goblins
  2 hobgoblins (D:2)
  2 jackals (D:1)
  3 quokkas
  5 ball pythons
  10 bats
  2 frilled lizards (D:2)
  3 kobolds
  3 rats
53 creatures vanquished.

Vanquished Creatures (others)
  188 foxfires
188 creatures vanquished.

Grand Total: 241 creatures vanquished

Notes
Turn   | Place    | Note
-------+----------+-------------------------------------------
     0 | D:1      | randomguy2701 the Gnoll Wanderer began the quest for the
                  | Orb.
     0 | D:1      | randomguy2701 set off with the following items: a +0
                  | dagger, a potion of berserk rage, a +0 robe, a wand of
                  | flame (5); and the following spells available to memorise:
                  | Foxfire, Volatile Blastmotes, Kiss of Death, Vampiric
                  | Draining, Sticky Flame.
     0 | D:1      | Reached XP level 1. HP: 13/13 MP: 4/4
     2 | D:1      | Learned a level 1 spell: Foxfire
   322 | D:1      | Reached XP level 2. HP: 6/19 MP: 0/5
   329 | D:1      | HP: 1/20 [jackal (2)]
  1429 | D:2      | Noticed Sigmund
  1439 | D:2      | Killed Sigmund
  1440 | D:2      | Reached skill level 1 in Fighting
  1440 | D:2      | Reached skill level 1 in Short Blades
  1440 | D:2      | Reached skill level 1 in Long Blades
  1440 | D:2      | Reached skill level 1 in Axes
  1440 | D:2      | Reached skill level 1 in Maces & Flails
  1440 | D:2      | Reached skill level 1 in Polearms
  1440 | D:2      | Reached skill level 1 in Staves
  1440 | D:2      | Reached skill level 1 in Ranged Weapons
  1440 | D:2      | Reached skill level 1 in Throwing
  1440 | D:2      | Reached skill level 1 in Dodging
  1440 | D:2      | Reached skill level 1 in Stealth
  1440 | D:2      | Reached skill level 1 in Shields
  1440 | D:2      | Reached skill level 1 in Unarmed Combat
  1440 | D:2      | Reached skill level 1 in Conjurations
  1440 | D:2      | Reached skill level 1 in Hexes
  1440 | D:2      | Reached skill level 1 in Summonings
  1440 | D:2      | Reached skill level 1 in Translocations
  1440 | D:2      | Reached skill level 1 in Transmutations
  1440 | D:2      | Reached skill level 1 in Ice Magic
  1440 | D:2      | Reached skill level 1 in Air Magic
  1440 | D:2      | Reached skill level 1 in Earth Magic
  1440 | D:2      | Reached skill level 1 in Poison Magic
  1440 | D:2      | Reached skill level 1 in Invocations
  1440 | D:2      | Reached skill level 1 in Shapeshifting
  1440 | D:2      | Reached XP level 3. HP: 25/26 MP: 0/7
  1440 | D:2      | Reached XP level 4. HP: 31/32 MP: 0/8
  1440 | D:2      | Reached XP level 5. HP: 36/37 MP: 0/9
  2135 | D:2      | You fall into a shaft and drop 1 floor!
  2615 | D:3      | Reached XP level 6. HP: 30/44 MP: 3/10
  2619 | D:3      | Reached skill level 5 in Evocations
  2750 | D:3      | Found a faded altar of an unknown god.
  2868 | D:3      | HP: 2/66 [gnoll/+0 flail (10)]
  2869 | D:3      | Slain by a gnoll

Illustrated notes

Levels and vault maps discovered:
D:1:      dpeg_arrival_water_fire, layout_loops_ring, minmay_misc_feat_hallway
D:2:      layout_loops_ring, small_statue_intersection,
          nicolae_figureground_sparkle, uniq_sigmund
D:3:      layout_loops_corners, ebering_ecumenical_altar_sacrificial

Skill      XL: |  1  2  3  4  5  6 |
---------------+-------------------+-----
Necromancy     | 2 |  2.7
Fighting       | 1 2 |  2.1
Short Blades   | 1 2 |  2.1
Long Blades    | 1 2 |  2.1
Axes           | 1 2 |  2.1
Maces & Flails | 1 2 |  2.1
Polearms       | 1 2 |  2.1
Staves         | 1 2 |  2.1
Ranged Weapons | 1 2 |  2.1
Throwing       | 1 2 |  2.1
Armour         | 3 |  3.3
Dodging        | 1 2 |  2.1
Stealth        | 1 2 |  2.1
Shields        | 1 2 |  2.1
Unarmed Combat | 1 2 |  2.1
Spellcasting   | 3 |  3.5
Conjurations   | 1 |  1.6
Hexes          | 1 |  1.6
Summonings     | 1 |  1.6
Translocations | 1 |  1.6
Transmutations | 1 |  1.6
Ice Magic      | 1 |  1.6
Air Magic      | 1 |  1.6
Earth Magic    | 1 |  1.6
Poison Magic   | 1 |  1.6
Invocations    | 1 2 |  2.3
Shapeshifting  | 1 |  1.9
Evocations     | 5 |  5.0
Fire Magic     | |  8.9

Action                     |  1- 3 |  4- 6 || total
---------------------------+-------+-------++-------
  Melee: Dagger            |    24 |    50 ||    74
         Bite              |     2 |     2 ||     4
   Cast: Foxfire           |    54 |    73 ||   127
    Use: Potion            |       |     4 ||     4
   Stab: Sleeping          |     1 |     2 ||     3
 Armour: Robe              |    24 |    33 ||    57
         Skin              |       |     4 ||     4
  Dodge: Dodged            |    33 |    69 ||   102

Table legend: (Time is in decaauts)
 A = Elapsed time spent in this place.
 B = Non-inter-level travel time spent in this place.
 C = Inter-level travel time spent in this place.
 D = Time resting spent in this place.
 E = Time spent auto-exploring this place.
 F = Levels seen in this place.
 G = Mean time per level.
                   A        B        C        D        E       F      G
               +--------+--------+--------+--------+--------+-----+--------+
         Total |   2866 |   2829 |     37 |      0 |   2424 |   3 |  955.3 |
       Dungeon |   2866 |   2829 |     37 |      0 |   2424 |   3 |  955.3 |
               +--------+--------+--------+--------+--------+-----+--------+

Top non-repeatable levels by time:
     D:1: 1323 daAuts
     D:2: 811 daAuts
     D:3: 731 daAuts
